Map: Ulrena

Players

Meczik - Winner!

  • Race: Terran Terran
  • League: Gold

Juwanil

  • Race: Protoss Protoss
  • League: Silver

VOD

Have the link to the VOD?

Description

Time

  • Played on: March 10, 2016, 4:17 p.m.
  • Length: 12:02
Show
View Real Time Build Order
Export as new Build Order

Meczik Terran - Winner!

Build Orders:  

Get SALT Encoding   

  12  0:00  SCV  
  13  0:13  SCV  
  14  0:18  Supply Depot  
  14  0:25  SCV  
  15  0:39  SCV  
  15  0:42  Barracks  
  16  0:51  SCV  
  16  0:52  Refinery  
  17  1:04  SCV  
  18  1:16  SCV  
  19  1:28  SCV  
  20  1:35  Command Center  
  20  1:36  Marine  
  21  1:42  Orbital Command  
  21  1:55  Marine  
  21  2:00  Refinery  
  22  2:10  SCV  
  23  2:16  Supply Depot  
  23  2:24  Engineering Bay  
  23  2:38  SCV  
  23  2:50  SCV  
  24  2:53  SCV, Supply Depot  
  25  3:02  SCV, Barracks Tech Lab  
  25  3:03  Factory  
  25  3:05  SCV  
  27  3:10  Barracks  
  27  3:23  Marine  
  27  3:25  Stimpack  
  28  3:35  SCV  
  28  3:36  Barracks  
  28  3:37  SCV  
  30  3:47  SCV  
  31  3:49  SCV, Factory Tech Lab, Starport  
  31  3:53  Marauder  
  34  3:59  SCV  
  34  4:01  SCV  
  36  4:04  Marine  
  37  4:14  Marine  
  37  4:16  Missile Turret  
  38  4:19  Missile Turret  
  38  4:22  Marine  
  39  4:27  Medivac  
  39  4:29  Marine  
  42  4:32  Marine  
  42  4:34  SCV x2  
  45  4:40  Marine  
  45  4:41  Supply Depot  
  46  4:48  Barracks Reactor  
  46  4:51  Terran Infantry Weapons Level 1  
  46  4:58  SCV x2, Armory  
  46  4:59  Engineering Bay  
  48  5:03  Siege Tank  
  51  5:10  SCV  
  52  5:20  SCV  
  53  5:22  SCV  
  53  5:28  Barracks, Barracks Tech Lab  
  54  5:33  Starport Reactor  
  54  5:34  SCV  
  56  5:37  Orbital Command  
  56  5:40  Marine  
  56  5:41  Marauder, Marine  
  59  5:47  SCV  
  59  5:48  Supply Depot  
  59  5:49  Supply Depot  
  60  5:58  Marine x2  
  61  6:10  Siege Tank  
  63  6:15  Medivac  
  63  6:16  Medivac  
  63  6:17  Marine  
  63  6:18  Marine x4  
  72  6:20  SCV x2  
  66  6:40  Supply Depot  
  66  6:42  Siege Tank, Supply Depot  
  66  6:45  Medivac, Supply Depot  
  71  6:53  Medivac  
  73  6:55  Marauder, Marine x3  
  78  7:02  Marine  
  78  7:04  Refinery  
  78  7:06  Refinery  
  79  7:12  Marine  
  79  7:13  Marine  
  79  7:14  Marine  
  82  7:16  Marauder  
  82  7:19  Marine  
  85  7:30  Marine x2  
  85  7:40  Marine  
  85  7:41  Marauder x2  
  90  7:48  Marine x2  
  84  8:15  Marine  
  84  8:16  Marauder x2, Marine x2  
  84  8:18  Siege Tank, Medivac  
  84  8:19  Medivac  
  98  8:33  Marine x2  
  98  8:34  Marine  
  101  8:49  Supply Depot x2  
  101  8:51  Marine  
  102  8:57  Command Center  
  102  9:10  Marauder, Siege Tank  
  102  9:11  Marauder  
  102  9:12  Supply Depot  
  102  9:13  Supply Depot  
  109  9:21  SCV x2  
  109  9:23  Marine  
  104  9:32  Marauder  
  104  9:33  SCV x2  
  107  9:42  Siege Tank  
  110  9:45  SCV x2  
  110  9:49  Medivac x2  
  110  9:50  Marauder, Marine  
  118  10:14  Siege Tank  
  121  10:25  Supply Depot  
  121  10:26  Supply Depot  
  121  10:28  Supply Depot  
  121  10:29  Supply Depot  
  121  10:31  Supply Depot  
  121  10:47  Siege Tank  
  96  11:18  Marauder x2, Marine x3  
  94  11:19  Siege Tank  
  94  11:25  Medivac x2  
  97  11:28  SCV x2  
  100  11:36  Marine x3  
  100  11:39  Marine  
  106  11:40  Marauder, SCV x2  
Show
View Real Time Build Order
Export as new Build Order

Juwanil Protoss 

Build Orders: 1 Gate Expand, Blink Stalkers 

Get SALT Encoding   

  12  0:01  Probe (Chrono Boost)  
  13  0:13  Probe (Chrono Boost)  
  14  0:23  Probe (Chrono Boost)  
  14  0:26  Pylon  
  15  0:44  Probe (Chrono Boost)  
  15  0:45  Gateway  
  15  0:46  Assimilator  
  16  0:54  Probe (Chrono Boost)  
  17  1:01  Pylon  
  17  1:03  Assimilator  
  17  1:05  Probe (Chrono Boost)  
  18  1:15  Probe (Chrono Boost)  
  19  1:27  Probe (Chrono Boost)  
  20  1:37  Nexus  
  20  1:44  Probe (Chrono Boost)  
  21  1:54  Cybernetics Core  
  21  1:55  Probe (Chrono Boost)  
  22  2:04  Zealot  
  22  2:05  Probe (Chrono Boost)  
  24  2:32  Warp Gate (Chrono Boost)  
  24  2:33  Pylon  
  24  2:34  Adept  
  24  2:36  Mothership Core  
  28  2:52  Gateway  
  28  2:57  Gateway  
  28  3:00  Probe  
  29  3:14  Twilight Council  
  29  3:17  Probe  
  29  3:18  Probe  
  30  3:20  Pylon  
  31  3:29  Probe x2  
  31  3:32  Adept  
  35  3:40  Pylon  
  35  3:42  Probe  
  35  3:44  Probe  
  37  3:52  Blink  
  37  3:56  Probe  
  37  3:57  Probe  
  39  4:04  Forge  
  39  4:15  Robotics Facility, Probe  
  39  4:17  Probe  
  40  4:22  Stalker  
  43  4:24  Sentry  
  43  4:30  Stalker  
  47  4:31  Probe x2  
  47  4:38  Assimilator  
  49  4:45  Assimilator  
  49  4:50  Probe  
  49  4:51  Probe  
  51  4:53  Stalker x2  
  51  4:57  Pylon  
  55  5:00  Probe  
  55  5:03  Probe  
  57  5:18  Stalker x3  
  61  5:40  Gateway, Protoss Ground Weapons Level 1  
  61  5:43  Gateway  
  61  5:45  Gateway  
  61  5:48  Forge  
  61  5:49  Pylon  
  61  5:51  Pylon  
  61  5:52  Photon Cannon  
  61  5:56  Stalker  
  58  6:18  Probe  
  59  6:20  Probe  
  59  6:30  Probe  
  59  6:31  Probe  
  59  6:33  Stalker  
  59  6:34  Stalker  
  59  6:35  Stalker  
  66  6:41  Probe  
  66  6:42  Probe  
  68  6:52  Probe  
  69  6:54  Probe, Robotics Bay  
  69  6:56  Photon Cannon  
  70  7:02  Protoss Ground Armor Level 1 (Chrono Boost)  
  70  7:03  Probe  
  71  7:08  Pylon  
  71  7:13  Probe  
  71  7:15  Stalker x2  
  76  7:24  Probe  
  77  7:30  Probe  
  77  7:32  Pylon x2  
  72  7:42  Probe  
  69  7:45  Stalker  
  69  7:46  Stalker  
  69  7:47  Stalker x2  
  75  8:03  Stalker x2  
  79  8:07  Pylon  
  79  8:08  Pylon  
  79  8:10  Colossus (Chrono Boost)  
  85  8:28  Photon Cannon  
  85  8:29  Stalker x2  
  89  8:41  Protoss Ground Weapons Level 2 (Chrono Boost)  
  89  8:43  Robotics Facility  
  89  8:47  Stalker  
  89  8:48  Stalker  
  93  8:50  Sentry  
  93  8:52  Colossus  
  99  9:29  Pylon  
  75  9:42  Stalker  
  75  9:43  Stalker x5  
  81  9:51  Colossus (Chrono Boost)  
  87  9:55  Colossus (Chrono Boost)  
  93  10:02  Pylon  
  93  10:14  Stalker x2  
  93  10:16  Stalker  
  61  11:07  Stalker  
  61  11:08  Stalker x4  
  61  11:09  Stalker  
Tags
 
Add a new tag
Caveats
  • Supply blocks, unpowered buildings, or Contaminate may cause inaccurate times.
  • Supply counts are checked every 10 seconds.